 Dungeon Crawl Stone Soup version 0.29.0-4-gdea44cf6ec (webtiles) character file.

Game seed: 8047288922134459257

101 qw the Chopper (level 4, -2/26 HPs)
             Began as a Tengu Warper on Aug 28, 2022.
             Slain by Ijyb
             ... wielding a +0 club
              (3 damage)
             ... on level 3 of the Dungeon.
             The game lasted 00:00:19 (3214 turns).

qw the Chopper (Tengu Warper)                       Turns: 3214, Time: 00:00:20

Health: -2/26      AC:  1    Str: 13    XL:     4   Next: 75%
Magic:  8/8        EV:  9    Int: 14    God:
Gold:   243        SH:  4    Dex: 13    Spells: 7/7 levels left

rFire   . . .      SeeInvis .   Y - +0 hand axe (vorpal)
rCold   . . .      Faith    .   d - +0 buckler
rNeg    . . .      Spirit   .   c - +0 scale mail
rPois   .          Reflect  .   (helmet restricted)
rElec   .          Harm     .   f - +1 cloak
rCorr   .          Rampage  .   j - +0 pair of gloves
Will    .....                   (boots unavailable)
Stlth   ..........              (no amulet)
HPRegen 0.08/turn               (no ring)
MPRegen 0.11/turn               (no ring)

@: corroded
A: beak, talons 3
a: no special abilities


You were on level 3 of the Dungeon.
You visited 1 branch of the dungeon, and saw 3 of its levels.

You collected 243 gold pieces.


Innate Abilities, Weirdness & Mutations

You have a beak for a mouth.
You have claws for feet.


   Skills:
 - Level 2.0 Fighting
 + Level 4.9 Axes
 - Level 1.0 Throwing
 - Level 1.1 Armour
 - Level 2.1 Dodging
 - Level 1.4 Shields
 - Level 2.0 Spellcasting
 - Level 2.4 Translocations


You had 7 spell levels left.
You didn't know any spells.
Your spell library contained the following spells:

 Spells                   Type           Power      Damage    Failure   Level
 Blink                    Tloc           16%        N/A       65%         2
 Gell's Gravitas          Tloc           8%         N/A       87%         3
 Lesser Beckoning         Tloc           8%         N/A       87%         3
 Teleport Other           Tloc           8%         N/A       87%         3
 Manifold Assault         Tloc           8%         N/A       100%        5

Inventory:

Hand Weapons
 b - a +0 flail
 Y - a +0 vorpal hand axe (weapon)
Missiles
 m - 8 boomerangs (quivered)
Armour
 c - a +0 scale mail (worn)
 d - a +0 buckler (worn)
 f - a +1 cloak (worn)
 j - a +0 pair of gloves (worn)
Scrolls
 e - a scroll of enchant weapon {unknown}
 i - a scroll of identify
Potions
 a - 2 potions of might
 l - a potion of mutation

Dungeon Overview and Level Annotations

Branches:
Dungeon (3/15)

Altars:
Nemelex Xobeh
Ru
Wu Jian

Annotations:
D:3 Ijyb


Message History

Ijyb hits you with a +0 club.
You hit Ijyb but do no damage. Your kick misses Ijyb.
You peck Ijyb, but do no damage.
Ijyb is lightly wounded.
Ijyb closely misses you.
You hit Ijyb but do no damage.
Ijyb is lightly wounded.
Ijyb closely misses you.
You hit Ijyb but do no damage.
Ijyb is lightly wounded.
You block Ijyb's attack.
You barely miss Ijyb. Your peck misses Ijyb.
Ijyb is lightly wounded.
Ijyb barely misses you.
You hit Ijyb but do no damage. Your kick misses Ijyb.
Ijyb is lightly wounded.
Ijyb hits you with a +0 club. Ijyb completely misses you.
You hit Ijyb but do no damage. Your kick misses Ijyb.
Ijyb is lightly wounded.
You block Ijyb's attack.
You closely miss Ijyb. Your kick misses Ijyb. Your peck misses Ijyb.
Ijyb is lightly wounded.
Ijyb hits you with a +0 club.
You hit Ijyb but do no damage. Your kick misses Ijyb.
You peck Ijyb, but do no damage.
Ijyb is lightly wounded.
Ijyb hits you with a +0 club.
You closely miss Ijyb.
Ijyb is lightly wounded.
Ijyb hits you with a +0 club.
You hit Ijyb but do no damage. You claw Ijyb, but do no damage.
Ijyb is lightly wounded.
Ijyb hits you with a +0 club.
You hit Ijyb. Your kick misses Ijyb. You peck Ijyb, but do no damage.
Ijyb is lightly wounded.
Ijyb hits you with a +0 club.
You hit Ijyb but do no damage. You peck Ijyb, but do no damage.
Ijyb is lightly wounded.
Ijyb hits you with a +0 club.
You die...

############# #~~
#......)'...# #~~
'..(..g@'...#
#~~#####.......#)).#
#~~...##########...#
#~~...#............#
#~~...#............#
#~~..##'##.....##'##
#~~..#...#.....# ..#
#~~..#...#.....# ..#
#~~).#...#.)...# ..#


You could see Ijyb.

Vanquished Creatures
  4 adders
  3 orcs (D:3)
  3 endoplasms
  4 giant cockroaches
  14 goblins
  5 hobgoblins
  3 jackals (D:3)
  7 kobolds
  3 ball pythons
  4 bats
  A frilled lizard (D:2)
  5 rats
56 creatures vanquished.

Vanquished Creatures (others)
  3 toadstools (D:3)
3 creatures vanquished.

Grand Total: 59 creatures vanquished

Notes
Turn   | Place    | Note
-------+----------+-------------------------------------------
     0 | D:1      | qw the Tengu Warper began the quest for the Orb.
     0 | D:1      | Reached XP level 1. HP: 12/12 MP: 4/4
     0 | D:1      | 0 ||| qw: Version: 0.1-a-89-g26bdef1
     0 | D:1      | 0 ||| qw: Game counter: 2956
     0 | D:1      | 0 ||| qw: Always use a shield: true
     0 | D:1      | 0 ||| qw: God list: Okawaru
     0 | D:1      | 0 ||| qw: Allow faded altars: false
     0 | D:1      | 0 ||| qw: Do Orc after D:15 true
     0 | D:1      | 0 ||| qw: Do second Lair branch before Depths: true
     0 | D:1      | 0 ||| qw: Lair rune preference: random
     0 | D:1      | 0 ||| qw: Plans: Normal
     0 | D:1      | 0 ||| PLANNING D:1-11
   201 | D:1      | 201 ||| READING scroll labelled LOGASCH ZIRHUI.
   202 | D:1      | 202 ||| READING scroll labelled WUPATO XIRATHRE.
   203 | D:1      | 203 ||| DROPPING scroll of blinking.
   204 | D:1      | 204 ||| Stepping randomly (stuck).
   385 | D:1      | Reached XP level 2. HP: 17/17 MP: 6/6
   479 | D:1      | Reached skill level 3 in Axes
   617 | D:1      | Found a faded altar of an unknown god.
   954 | D:1      | 954 ||| UPGRADING to +0 buckler.
   959 | D:1      | 959 ||| UPGRADING to +0 cloak.
   964 | D:1      | 964 ||| READING scroll of enchant armour.
   964 | D:1      | 964 ||| ENCHANTING +0 cloak.
   965 | D:1      | 965 ||| READING scroll labelled KAOSIE HONIAXOE.
   966 | D:1      | 966 ||| READING scroll labelled UREUMO IZOIHA.
   967 | D:1      | 967 ||| READING scroll labelled FUGUAMISODGH.
   968 | D:1      | 968 ||| READING scroll labelled AKLEAM ITOEFRUCAC.
  1089 | D:1      | 1089 ||| DRINKING 2 clear potions.
  1124 | D:2      | 1124 ||| STAIRDANCE
  1167 | D:2      | 1167 ||| Stepping ~*~*~tactically~*~*~ (stealth).
  1173 | D:2      | Reached skill level 1 in Shields
  1173 | D:2      | Reached XP level 3. HP: 16/21 MP: 7/7
  1355 | D:2      | 1355 ||| Stepping ~*~*~tactically~*~*~ (stealth).
  1513 | D:2      | Found a sparkling altar of Nemelex Xobeh.
  1582 | D:2      | 1582 ||| Stepping ~*~*~tactically~*~*~ (stealth).
  1728 | D:2      | 1728 ||| UPGRADING to +0 ring mail.
  1738 | D:2      | 1738 ||| DROPPING +0 leather armour.
  1739 | D:2      | 1739 ||| UPGRADING to +0 pair of gloves.
  1744 | D:2      | 1744 ||| READING scroll labelled UMOERE DEITAGE.
  1749 | D:2      | 1749 ||| READING scroll labelled JAREPH RILLIA.
  1750 | D:2      | 1750 ||| READING 4 scrolls of identify.
  1750 | D:2      | 1750 ||| IDENTIFYING bubbling red potion
  1751 | D:2      | 1751 ||| READING 3 scrolls of identify.
  1751 | D:2      | 1751 ||| IDENTIFYING grey potion
  1752 | D:2      | 1752 ||| READING 2 scrolls of identify.
  1752 | D:2      | 1752 ||| IDENTIFYING smoky ruby potion
  1753 | D:2      | 1753 ||| Stepping randomly (stuck).
  1754 | D:2      | 1754 ||| Stepping ~*~*~tactically~*~*~ (cloud).
  1755 | D:2      | 1755 ||| DRINKING potion of curing.
  1755 | D:2      | 1755 ||| (to cure poison)
  1864 | D:3      | Reached skill level 4 in Axes
  1864 | D:3      | Reached XP level 4. HP: 21/26 MP: 8/8
  1864 | D:3      | 1864 ||| STAIRDANCE
  2035 | D:3      | 2035 ||| DROPPING +0 club.
  2105 | D:3      | 2105 ||| Stepping ~*~*~tactically~*~*~ (stealth).
  2150 | D:3      | 2150 ||| Stepping ~*~*~tactically~*~*~ (stealth).
  2151 | D:3      | 2151 ||| Stepping ~*~*~tactically~*~*~ (stealth).
  2304 | D:3      | Found an ornate altar of the Wu Jian Council.
  2306 | D:3      | 2306 ||| READING scroll labelled HOEKHL BIEMM.
  2307 | D:3      | 2307 ||| READING 2 scrolls of identify.
  2307 | D:3      | 2307 ||| IDENTIFYING purple potion
  2308 | D:3      | 2308 ||| DROPPING potion of lignification.
  2309 | D:3      | 2309 ||| Stepping randomly (stuck).
  2311 | D:3      | 2311 ||| Stepping randomly (stuck).
  2373 | D:3      | Found a sacrificial altar of Ru.
  2640 | D:3      | 2640 ||| FLEEEEING.
  2641 | D:3      | 2641 ||| FLEEEEING.
  2642 | D:3      | 2642 ||| FLEEEEING.
  2643 | D:3      | 2643 ||| FLEEEEING.
  2644 | D:3      | 2644 ||| FLEEEEING.
  2645 | D:3      | 2645 ||| FLEEEEING.
  2646 | D:3      | 2646 ||| FLEEEEING.
  2647 | D:3      | 2647 ||| FLEEEEING.
  2648 | D:3      | 2648 ||| FLEEEEING.
  2649 | D:3      | 2649 ||| FLEEEEING.
  2650 | D:3      | 2650 ||| FLEEEEING.
  2651 | D:3      | 2651 ||| FLEEEEING.
  2665 | D:3      | 2665 ||| FLEEEEING.
  2666 | D:3      | 2666 ||| FLEEEEING.
  2667 | D:3      | 2667 ||| FLEEEEING.
  2668 | D:3      | 2668 ||| FLEEEEING.
  2669 | D:3      | 2669 ||| FLEEEEING.
  2675 | D:3      | 2675 ||| FLEEEEING.
  2676 | D:3      | 2676 ||| FLEEEEING.
  2687 | D:3      | 2687 ||| FLEEEEING.
  2688 | D:3      | 2688 ||| FLEEEEING.
  2689 | D:3      | 2689 ||| FLEEEEING.
  2690 | D:3      | 2690 ||| FLEEEEING.
  2691 | D:3      | 2691 ||| FLEEEEING.
  2692 | D:3      | 2692 ||| FLEEEEING.
  2693 | D:3      | 2693 ||| FLEEEEING.
  2694 | D:3      | 2694 ||| FLEEEEING.
  2695 | D:3      | 2695 ||| FLEEEEING.
  2696 | D:3      | 2696 ||| FLEEEEING.
  2697 | D:3      | 2697 ||| STAIRDANCE
  2761 | D:2      | 2761 ||| DROPPING +0 mace.
  2762 | D:2      | 2762 ||| UPGRADING to +0 scale mail.
  2772 | D:2      | 2772 ||| DROPPING +0 ring mail.
  2775 | D:3      | 2775 ||| Stepping ~*~*~tactically~*~*~ (hiding).
  3048 | D:3      | 3048 ||| Stepping ~*~*~tactically~*~*~ (hiding).
  3178 | D:3      | Noticed Ijyb
  3179 | D:3      | 3179 ||| Stepping ~*~*~tactically~*~*~ (hiding).
  3190 | D:3      | HP: 1/26 [Ijyb/bolt of acid (23)]
  3191 | D:3      | 3191 ||| DRINKING 2 potions of heal wounds.
  3200 | D:3      | HP: 6/26 [Ijyb/+0 club (4)]
  3201 | D:3      | 3201 ||| DRINKING potion of heal wounds.
  3213 | D:3      | HP: 1/26 [Ijyb/+0 club (6)]
  3214 | D:3      | Slain by Ijyb

Levels and vault maps discovered:
D:1:      eino_arrival_water_cross, layout_loops_cross,
          hellmonk_ecumenical_altar_inner_sanctum, reono_crystal_passage,
          minivault_27
D:2:      layout_basic, basic_altar
D:3:      kennysheep_goblin_castle, layout_rooms,
          nicolae_wu_jian_immortal_techniques, nicolae_ru_sacrificial_ziggurat,
          minmay_misc_feat_pillars, minmay_gold_behind_fungi

Skill      XL: |  1  2  3 |
---------------+----------+-----
Axes           | 3 4 |  4.9
Shields        | 1 |  1.4
Fighting       | |  2.0
Throwing       | |  1.0
Armour         | |  1.1
Dodging        | |  2.1
Spellcasting   | |  2.0
Translocations | |  2.4

Action                   |  1- 3 |  4- 6 || total
-------------------------+-------+-------++-------
Melee: Hand axe          |    63 |    67 ||   130
       Kick              |    15 |    18 ||    33
       Peck              |     5 |    14 ||    19
Throw: Boomerang         |    10 |    21 ||    31
  Use: Scroll            |    12 |     2 ||    14
       Potion            |     2 |     2 ||     4
Armor: Leather armour    |    13 |       ||    13
       Ring mail         |     4 |    10 ||    14
       Scale mail        |       |     8 ||     8
Dodge: Dodged            |    17 |    23 ||    40
Block: Buckler           |     5 |    18 ||    23

Table legend:
 A = Non-vault XP
 B = Vault XP
 C = Vault XP percentage of total XP
 D = Non-vault monster count
 E = Vault monster count
 F = Vault count percentage of total count
                 A         B        C        D         E       F
            +---------+---------+-------+---------+---------+-------
      Total |     122 |      23 |  15.9 |      45 |      11 |  19.6
            +---------+---------+-------+---------+---------+-------
        D:1 |      21 |       0 |   0.0 |      13 |       0 |   0.0
        D:2 |      48 |       0 |   0.0 |      16 |       0 |   0.0
        D:3 |      53 |      23 |  30.3 |      16 |      11 |  40.7
            +---------+---------+-------+---------+---------+-------
